 Dungeon Crawl Stone Soup version 0.29.0-3-gbb0933ed62 (webtiles) character file.

Game seed: 4899261588567934673

16 Arcadio the Cutter (level 2, -2/25 HPs)
             Began as a Minotaur Gladiator on Aug 25, 2022.
             Was a Follower of the Shining One.
             Slain by an orc
             ... wielding a +0 war axe
              (8 damage)
             ... on level 3 of the Dungeon.
             The game lasted 00:06:07 (200 turns).

Arcadio the Cutter (Minotaur Gladiator)              Turns: 200, Time: 00:06:08

Health: -2/25      AC:  3    Str: 18    XL:     2   Next: 41%
Magic:  1/1        EV: 12    Int:  5    God:    the Shining One [*.....]
Gold:   0          SH:  0    Dex: 11    Spells: 1/1 levels left

rFire   . . .      SeeInvis .   a - +0 rapier
rCold   . . .      Faith    .   (no shield)
rNeg    . . .      Spirit   .   b - +0 leather armour
rPois   .          Reflect  .   c - +0 hat
rElec   .          Harm     .   (no cloak)
rCorr   .          Rampage  .   (no gloves)
Will    .....                   (no boots)
Stlth   +.........              (no amulet)
HPRegen 0.08/turn               (no ring)
MPRegen 0.07/turn               (no ring)

@: glowing
A: horns 2, retaliatory headbutt
a: Renounce Religion, Divine Shield


You were on level 3 of the Dungeon.
You worshipped the Shining One.
The Shining One was aware of your devotion.
You visited 1 branch of the dungeon, and saw 3 of its levels.

Inventory:

Hand Weapons
 a - a +0 rapier (weapon)
Missiles
 d - 3 throwing nets (quivered)
 e - a javelin
Armour
 b - a +0 leather armour (worn)
 c - a +0 hat (worn)
Jewellery
 f - an amulet of regeneration
 g - a +6 ring of strength
Scrolls
 i - a scroll of acquirement {unknown}
 j - a scroll of identify {unknown}
Potions
 h - a potion of flight {unknown}
 k - a potion of mutation {unknown}


   Skills:
 + Level 2.6 Fighting
 + Level 3.8 Short Blades
 + Level 2.1 Throwing
 + Level 0.2 Armour
 + Level 3.5 Dodging


You had one spell level left.
You didn't know any spells.
Your spell library was empty.

Dungeon Overview and Level Annotations

Branches:
Dungeon (3/15) Zot: 17799

Altars:
The Shining One


Innate Abilities, Weirdness & Mutations

You have a pair of horns on your head.
You reflexively headbutt those who attack you in melee.


Message History

The giant cockroach is almost dead.
The giant cockroach misses you. You furiously retaliate!
You headbutt the giant cockroach.
You kill the giant cockroach!
Found 11 gold pieces.
Found 8 gold pieces and a scroll labelled TUN WESAFO CAOFI.
There is a stone staircase leading down here.
A kobold comes into view. It is wielding a +0 dagger.
The kobold shouts!
There is a stone staircase leading down here.
You climb downwards.
There is a stone staircase leading up here.
An orc comes into view. It is wielding a +0 war axe.
Found an emerald potion.
The orc shouts!
You hear a shout! x2
An orc comes into view. It is wielding a +0 club.
An orc priest comes into view.
It is wielding a +0 hand axe. 2 orcs, a gnoll and a rat come into view.
The gnoll is wielding a +0 whip of flaming.
Found a stone staircase leading down.
The orc priest shouts!
The orc shouts! x3; The gnoll shouts!
An orc comes into view. It is wielding a +0 dagger.
The rat bites you.
* * * LOW HITPOINT WARNING * * *
An orc comes into view. It is wielding a +0 club.
The orc shouts! x2; You hear a shout! x4
An orc comes into view. It is wielding a +0 flail.
The rat bites you but does no damage.
An orc comes into view. It is wielding a +0 mace.
The orc closely misses you.
You hit the orc.
The orc is almost dead.
The rat bites you but does no damage. The orc closely misses you.
You barely miss the orc.
The orc is almost dead.
An orc comes into view. It is wielding a +0 dagger.
The rat barely misses you.
A gnoll comes into view. It is wielding a +0 halberd.
The orc hits you with a +0 war axe!
You die...

#.# #<#
#.# #.###
#...#
#.#...#
#.###.##
#.r#...#
#.@oo8.#
#.##oo..#
#.# #go.#
..# !.o.#
.### .g..
#. >.8 #


o You could see an orc priest, 2 gnolls, 6 orcs and a rat.

Vanquished Creatures
  An adder (D:2)
  A giant cockroach (D:2)
  A goblin (D:1)
  2 hobgoblins
  A kobold (D:1)
6 creatures vanquished.

Vanquished Creatures (others)
  2 plants (D:1)
2 creatures vanquished.

Grand Total: 8 creatures vanquished

Notes
Turn   | Place    | Note
-------+----------+-------------------------------------------
     0 | D:1      | Arcadio the Minotaur Gladiator began the quest for the Orb.
     0 | D:1      | Reached XP level 1. HP: 18/18 MP: 0/0
    59 | D:1      | Found a faded altar of an unknown god.
    67 | D:1      | Prayed at the altar of an unknown god.
    67 | D:1      | Became a worshipper of the Shining One
    67 | D:1      | Reached * piety under the Shining One
   169 | D:2      | Reached XP level 2. HP: 7/25 MP: 1/1
   200 | D:3      | Slain by an orc

Illustrated notes

Levels and vault maps discovered:
D:1:      shiori_arrival_maze, layout_loops_ring, ebering_ecumenical_altar_webs,
          serial_bayou_pond_c, minmay_pentomino_v4
D:2:      layout_basic, basic_altar, minmay_misc_feat_plants, uniq_sigmund
D:3:      layout_loops_ring, grunt_ministairs_13, amcnicky_mini_pool_small,
          serial_bayou_pond_a, uniq_terence, uniq_crazy_yiuf_cottage

Action                   || total
-------------------------++-------
Melee: Rapier            ||    20
       Headbutt          ||     1
Armor: Leather armour    ||     5
Dodge: Dodged            ||    11
